Map: Imperio eterno EE

Players

Trench

  • Race: Zerg Zerg
  • League: Gold
  • Spawn Location: 7:00

MrFercho - Winner!

  • Race: Zerg Zerg
  • League: Silver
  • Spawn Location: 1:00

VOD

Have the link to the VOD?

Description

Time

  • Played on: July 2, 2020, 8:34 p.m.
  • Length: 15:01
Show
View Real Time Build Order
Export as new Build Order

Trench Zerg 

Build Orders: Hatch First 

Get SALT Encoding   

  12  0:01  Drone  
  13  0:12  Overlord  
  13  0:17  Drone  
  14  0:30  Drone x2  
  16  0:50  Hatchery  
  16  0:53  Drone  
  16  0:56  Drone  
  17  1:00  Drone  
  18  1:15  Spawning Pool  
  18  1:18  Drone  
  18  1:21  Drone  
  19  1:28  Drone  
  19  1:32  Extractor  
  19  1:39  Drone  
  20  1:49  Overlord  
  20  2:02  Drone  
  20  2:03  Drone  
  20  2:04  Queen  
  20  2:05  Queen  
  26  2:12  Drone  
  27  2:18  Drone  
  28  2:27  Drone x2  
  30  2:36  Drone x2  
  32  2:45  Lair  
  32  2:53  Queen  
  32  2:56  Drone x2  
  36  2:58  Overlord x2  
  36  3:18  Extractor  
  35  3:21  Evolution Chamber  
  35  3:26  Roach Warren  
  33  3:27  Evolution Chamber  
  33  3:31  Drone x7  
  39  3:42  Extractor  
  39  3:43  Drone x2  
  39  3:44  Drone x2  
  39  3:48  Extractor  
  41  3:49  Drone  
  42  4:02  Overlord  
  42  4:05  Drone x3  
  45  4:13  Roach x3  
  45  4:15  Overlord x2  
  51  4:30  Roach x3  
  51  4:31  Spine Crawler  
  56  4:37  Roach  
  58  4:52  Roach x3  
  64  4:59  Drone x5  
  69  5:05  Overlord x3  
  68  5:27  Hatchery, Roach x4  
  75  5:44  Zerg Missile Weapons Level 1  
  75  5:45  Zerg Ground Armor Level 1  
  75  5:47  Glial Reconstitution  
  75  5:49  Drone  
  76  5:50  Drone x4  
  80  6:17  Drone x8  
  88  6:27  Hydralisk Den  
  88  6:29  Infestation Pit  
  88  6:30  Drone x4  
  90  7:02  Drone x12  
  90  7:07  Overlord  
  90  7:08  Overlord  
  102  7:33  Spine Crawler  
  101  7:38  Spine Crawler  
  101  7:40  Extractor, Spine Crawler  
  101  7:43  Extractor  
  97  7:47  Spine Crawler  
  97  7:48  Drone x8  
  97  7:49  Drone x5  
  109  7:51  Zerg Missile Weapons Level 2  
  109  7:52  Zerg Ground Armor Level 2  
  109  7:53  Extractor  
  109  7:55  Hatchery  
  109  7:56  Metabolic Boost  
  107  8:01  Extractor  
  107  8:02  Queen  
  108  8:35  Drone x4  
  108  8:36  Drone x8  
  120  8:51  Hydralisk  
  120  8:53  Overlord  
  120  8:54  Overlord x6  
  122  9:05  Hatchery  
  122  9:06  Hatchery  
  122  9:07  Hatchery  
  122  9:08  Hatchery  
  122  9:09  Hydralisk x5  
  127  9:25  Spine Crawler  
  125  10:06  Hatchery, Hydralisk x21  
  125  10:07  Hydralisk  
  168  10:31  Hydralisk x16  
  200  10:38  Hive  
  200  11:00  Spine Crawler  
  199  11:16  Spine Crawler  
  199  11:18  Spine Crawler  
  197  11:24  Hydralisk  
  123  12:06  Hydralisk x7  
  123  12:07  Hydralisk x27  
  189  12:26  Grooved Spines  
  189  12:29  Hydralisk x2  
  191  12:30  Hydralisk  
  179  12:48  Drone x3  
  179  12:49  Drone x6  
  179  12:50  Drone  
  179  12:51  Zergling x22  
  176  13:28  Hydralisk x10  
  176  13:29  Hydralisk x8  
  172  13:37  Muscular Augments  
  114  13:54  Hydralisk x3  
  114  13:55  Hydralisk x5  
  130  13:57  Roach  
  130  13:58  Roach  
  130  13:59  Zergling x20  
  74  14:35  Roach x7  
  74  14:36  Roach x14  
Show
View Real Time Build Order
Export as new Build Order

MrFercho Zerg - Winner!

Build Orders: Hatch First 

Get SALT Encoding   

  12  0:02  Drone  
  13  0:13  Overlord  
  13  0:17  Drone  
  14  0:31  Drone x2  
  16  0:53  Drone  
  16  0:54  Hatchery  
  16  0:56  Drone  
  17  1:00  Drone  
  18  1:16  Spawning Pool  
  18  1:18  Drone  
  18  1:21  Drone  
  19  1:33  Extractor  
  19  1:37  Drone  
  20  1:40  Drone  
  20  1:50  Drone  
  21  2:01  Drone  
  22  2:05  Queen  
  22  2:06  Queen  
  22  2:07  Overlord  
  26  2:15  Drone  
  26  2:17  Drone  
  28  2:23  Overlord  
  28  2:28  Drone  
  29  2:33  Drone  
  30  2:38  Drone  
  31  2:48  Lair  
  31  2:49  Drone  
  31  2:50  Drone  
  33  2:55  Drone  
  34  3:00  Drone  
  34  3:05  Drone  
  36  3:13  Queen  
  36  3:19  Drone x5  
  43  3:28  Roach Warren  
  43  3:30  Overlord x2  
  43  3:31  Evolution Chamber  
  43  3:34  Zergling x4  
  43  3:41  Drone  
  43  3:43  Overlord  
  43  3:48  Extractor  
  43  3:50  Extractor  
  42  3:56  Zerg Missile Weapons Level 1  
  42  4:20  Roach x7  
  42  4:23  Overlord  
  56  4:25  Drone  
  56  4:27  Drone  
  58  4:37  Evolution Chamber  
  56  4:51  Drone  
  56  4:52  Drone x3  
  60  5:03  Drone x4  
  60  5:04  Drone  
  65  5:18  Drone x2  
  66  5:21  Hatchery  
  66  5:23  Zerg Ground Armor Level 1  
  65  5:36  Glial Reconstitution  
  65  5:41  Drone x3  
  65  5:42  Drone x3  
  71  5:47  Hydralisk Den  
  70  5:51  Zergling x2  
  70  5:55  Overlord x2  
  71  6:08  Zergling x4  
  71  6:10  Extractor  
  72  6:15  Extractor  
  72  6:17  Overlord, Hydralisk  
  73  6:33  Overlord  
  73  6:34  Overlord  
  73  6:36  Overlord x3  
  73  6:44  Drone  
  73  6:45  Drone  
  75  6:56  Infestation Pit  
  75  7:00  Extractor, Drone x2  
  75  7:01  Drone x2  
  77  7:12  Overlord x3  
  77  7:17  Drone x2  
  79  7:33  Hydralisk x8  
  95  7:37  Zerg Missile Weapons Level 2  
  95  7:38  Zerg Ground Armor Level 2  
  95  7:46  Drone x3  
  98  7:55  Drone x7  
  105  8:07  Hive  
  105  8:11  Drone  
  105  8:12  Lurker Den, Drone x5  
  110  8:21  Drone  
  110  8:22  Drone x6  
  110  8:26  Hydralisk x4  
  125  8:37  Hatchery  
  124  9:06  Hydralisk  
  124  9:07  Hydralisk x12  
  150  9:25  Extractor  
  150  9:29  Extractor  
  147  9:35  Drone x5  
  147  9:36  Drone x7  
  159  9:46  Overlord  
  159  9:47  Overlord x6  
  159  9:54  Seismic Spines  
  159  9:58  Muscular Augments  
  159  10:00  Zerg Ground Armor Level 3  
  159  10:01  Zerg Missile Weapons Level 3  
  159  10:02  Hydralisk  
  159  10:04  Hydralisk  
  163  10:30  Hydralisk x5  
  163  10:31  Hydralisk x5  
  183  10:50  Hydralisk x3  
  183  10:51  Adaptive Talons, Hydralisk x5  
  199  11:02  Hatchery  
  198  11:04  Unknown  
  198  11:09  Grooved Spines  
  198  11:10  Hydralisk  
  199  11:16  Overseer  
  199  11:25  Pneumatized Carapace  
  198  11:32  Hydralisk x5  
  189  11:33  Hydralisk x3  
  123  12:05  Hydralisk x13  
  123  12:06  Hydralisk x3  
  155  12:16  Hydralisk x2  
  143  12:49  Hydralisk x15  
  173  13:04  Hydralisk x10  
  173  13:05  Hydralisk  
  195  13:12  Metabolic Boost  
  195  13:13  Extractor, Hatchery  
  195  13:17  Extractor  
  192  13:26  Hydralisk x8  
  180  13:27  Hydralisk  
  180  13:32  Zergling x18  
  191  13:40  Hydralisk x2  
  167  13:53  Hydralisk  
  167  13:54  Hydralisk x8  
  185  14:02  Hydralisk  
  185  14:03  Hydralisk x3  
  185  14:04  Hydralisk  
  187  14:16  Hydralisk  
  187  14:17  Hydralisk x4  
  183  14:37  Hydralisk  
Tags
 
Matchup
ZvZ
Race
Zerg
Replay Pack
MrFercho
Spawn Locations
Cross Positions
Add a new tag
Caveats
  • Supply blocks, unpowered buildings, or Contaminate may cause inaccurate times.
  • Supply counts are checked every 10 seconds.